 Dungeon Crawl Stone Soup version 0.25-a0-1137-g7f6bfe4 (webtiles) character file.

Game seed: 1616219895167241513, levelgen mode: deterministic

83 BlueFish the Grasshopper (level 4, -1/30 HPs)
             Began as an Octopode Warper on May 23, 2020.
             Slain by a hobgoblin
             ... wielding a +0 club
              (4 damage)
             ... on level 2 of the Dungeon.
             The game lasted 00:04:49 (1188 turns).

BlueFish the Grasshopper (Octopode Warper)          Turns: 1188, Time: 00:04:49

Health: -1/30      AC:  1    Str: 11    XL:     4   Next: 44%
Magic:  4/7        EV: 14    Int: 15    God:
Gold:   61         SH:  0    Dex: 11    Spells: 3/7 levels left

rFire    . . .     SeeInvis .     - Unarmed
rCold    . . .     Gourm    .   (no shield)
rNeg     . . .     Faith    .   (helmet restricted)
rPois    .         Spirit   .   h - amulet of regeneration
rElec    .         Reflect  .   (no ring)
rCorr    .         Harm     .   (no ring)
MR       .....                  (no ring)
Stlth    ++........             (no ring)
HPRegen  0.50/turn              (no ring)
MPRegen  0.10/turn              (no ring)
                                (no ring)
                                (no ring)

@: lethally poisoned (-1 -> -2)
A: almost no armour, stealthy swim, amphibious, 8 rings, constrict 8, camouflage
1, gelatinous body 1
a: no special abilities


You were on level 2 of the Dungeon.
You were not hungry.

You visited 1 branch of the dungeon, and saw 2 of its levels.

You collected 61 gold pieces.

Inventory:

Missiles
 c - 5 boomerangs of dispersal (quivered)
 g - 38 stones
 k - 18 arrows
Jewellery
 h - an amulet of regeneration (around mantle)
 n - an uncursed amulet of guardian spirit
Wands
 q - a wand of polymorph (10)
Scrolls
 a - a scroll of enchant armour {unknown}
 b - a scroll of blinking
 e - a scroll of fear
 f - a scroll of enchant weapon {unknown}
 o - a scroll of remove curse
 r - a scroll of teleportation {unknown}
Potions
 i - a potion of magic {unknown}
 l - a potion of heal wounds {unknown}
 m - a potion of mutation {unknown}
 p - a potion of flight {unknown}
 s - a potion of invisibility {unknown}
Comestibles
 d - 2 rations
 j - a chunk of flesh


   Skills:
 * Level 2.3 Fighting
 * Level 1.4 Throwing
 * Level 3.0 Dodging
 * Level 1.1 Stealth
 * Level 2.7 Unarmed Combat
 + Level 2.3 Spellcasting
 + Level 0.3 Charms
 * Level 3.3 Translocations


You had 3 spell levels left.
You knew the following spells:

 Your Spells              Type           Power        Failure   Level  Hunger
a - Shroud of Golubria    Chrm/Tloc      #.....       16%         2    ###....
b - Blink                 Tloc           N/A          9%          2    ###....

Your spell library contained the following spells:

 Spells                   Type           Power        Failure   Level  Hunger
 Gell's Gravitas          Tloc           ##........   16%         3    ###....
 Lesser Beckoning         Tloc           ##........   16%         3    ###....
 Teleport Other           Tloc           ##......     16%         3    ###....
 Passage of Golubria      Tloc           N/A          47%         4    #####..


Dungeon Overview and Level Annotations

Branches:
Dungeon (2/15)

Altars:
Gozag
Hepliaklqana
Ru


Innate Abilities, Weirdness & Mutations

You cannot wear most types of armour.
You are very stealthy in the water. (Stealth+)
You are amphibious.
You can wear up to eight rings at the same time.
You can use your tentacles to constrict eight enemies at once.
Your skin changes colour to match your surroundings (Stealth+).
Your rubbery body absorbs attacks. (AC +1, EV +1)


Message History

The hobgoblin closely misses you.
You closely miss the adder. Your grab misses the adder.
Your squeeze misses the adder.
The adder is severely wounded.
The adder bites you.
* * * LOW HITPOINT WARNING * * *
The frilled lizard closely misses you.
You tentacle-slap the adder. You grab the adder.
You tentacle-slap the adder, but do no damage.
The adder is almost dead.
You constrict the adder.
You kill the adder!
Your Dodging skill increases to level 3!
You feel sick. The hobgoblin hits you with a +0 club.
* * * LOW HITPOINT WARNING * * *
The frilled lizard misses you.
You closely miss the hobgoblin. Your grab misses the hobgoblin.
The hobgoblin is moderately wounded.
The hobgoblin hits you with a +0 club.
You die...

###.###.##................,,^**
.....,,.##.##..##...####.#****
###.#*,,##.........### #.#
###.#*,,.............###.#
....#*,*##............##.#
####**,* #..#.#.#####.##.# ###
*,**#..#...#.#.#....# ..#
*,,,.......#l..#....# ..#
*****,.##..@g..#..#.## ..#
*****,,*#..#...#..#..#
,.#***,,,,,,*#.รท#!#.#.##g.#
,,.,,,,,,,,,,#..#####.##..#
,,..,,,*****.#........##<.#
.,****,* *.#.#########..# .,*
*,* *.#.###### #..# ,,****,*
*.#......####..#
,,,,**,****#.######.......#


You could see a hobgoblin and a frilled lizard.

Vanquished Creatures
  3 gnolls
  2 adders (D:2)
  A dart slug (D:1)
  2 leopard geckos
  2 giant cockroaches
  6 goblins
  3 hobgoblins
  4 bats
  2 frilled lizards (D:1)
  6 kobolds (D:1)
  5 rats
36 creatures vanquished.

Notes
Turn   | Place    | Note
-------+----------+-------------------------------------------
     0 | D:1      | BlueFish the Octopode Warper began the quest for the Orb.
     0 | D:1      | Reached XP level 1. HP: 14/14 MP: 3/3
    19 | D:1      | Reached XP level 2. HP: 18/19 MP: 5/5
    23 | D:1      | Learned a level 2 spell: Shroud of Golubria
    26 | D:1      | Learned a level 2 spell: Blink
   334 | D:1      | Reached XP level 3. HP: 24/24 MP: 4/6
   806 | D:2      | Found an opulent altar of Gozag.
   993 | D:2      | Reached skill level 1 in Stealth
   999 | D:2      | Reached XP level 4. HP: 9/29 MP: 2/7
  1112 | D:2      | Found a sacrificial altar of Ru.
  1112 | D:2      | Found a hazy altar of Hepliaklqana.
  1188 | D:2      | Slain by a hobgoblin

Illustrated notes

Levels and vault maps discovered:
D:1:      shiori_arrival_oz, layout_loops_cross
D:2:      layout_loops_ring, grunt_temple_overflow_holy_war,
          nicolae_overflow_hidden_temple, grunt_gozag_statues,
          minmay_split_cup_large

Skill      XL: |  1  2  3  4 |
---------------+-------------+-----
Stealth        | 1 |  1.1
Dodging        | 3 |  3.0
Fighting       | |  2.3
Throwing       | |  1.4
Unarmed Combat | |  2.7
Spellcasting   | |  2.3
Charms         | |  0.3
Translocations | |  3.3

Action                   |  1- 3 |  4- 6 || total
-------------------------+-------+-------++-------
Melee: Unarmed           |    88 |    20 ||   108
       Constrict         |    21 |     3 ||    24
       Tentacles         |    10 |     2 ||    12
       Punch             |     1 |     1 ||     2
 Cast: Shroud of Golubri |    22 |     6 ||    28
  Use: Scroll            |     6 |       ||     6
 Stab: Sleeping          |     1 |     1 ||     2
  Eat: Chunk             |     2 |     1 ||     3
Armor: Skin              |     3 |     1 ||     4
Dodge: Dodged            |    54 |    24 ||    78

Table legend:
 A = Non-vault XP
 B = Vault XP
 C = Vault XP percentage of total XP
 D = Non-vault monster count
 E = Vault monster count
 F = Vault count percentage of total count
                 A         B        C        D         E       F
            +---------+---------+-------+---------+---------+-------
      Total |     102 |      17 |  14.3 |      32 |       4 |  11.1
            +---------+---------+-------+---------+---------+-------
        D:1 |      63 |       2 |   3.1 |      24 |       2 |   7.7
        D:2 |      39 |      15 |  27.8 |       8 |       2 |  20.0
            +---------+---------+-------+---------+---------+-------
